 Dungeon Crawl Stone Soup version 0.32-a0-38-gb04dd89b9b (webtiles) character file.

Game seed: 10144254946735580201

2 PriceMaster the Conjurer (level 1, -1/11 HPs)
             Began as an Octopode Conjurer on Jan 23, 2024.
             Slain by a ball python (2 damage)
             ... on level 1 of the Dungeon.
             The game lasted 00:00:40 (517 turns).

PriceMaster the Conjurer (Octopode Conjurer)         Turns: 517, Time: 00:00:42

Health: -1/11      AC:  1    Str:  6    XL:     1   Next: 40%
Magic:  2/3        EV: 10    Int: 20    God:
Gold:   18         SH:  0    Dex: 10    Spells: 3/4 levels left

rFire   . . .        (no weapon)
rCold   . . .        (no shield)
rNeg    . . .        (helmet restricted)
rPois   .            (no amulet)
rElec   .            (no ring)
rCorr   .            (no ring)
SInv    .            (no ring)
Will    .....        (no ring)
Stlth   +++          (no ring)
HPRegen 0.21/turn    (no ring)
MPRegen 0.08/turn    (no ring)
                     (no ring)

%: no passive effects
@: very slightly contaminated, constricted
A: almost no armour, amphibious, 8 rings, camouflage 1, gelatinous body 1,
(nimble swimmer 1), tentacles
a: no special abilities


You were on level 1 of the Dungeon.
You visited 1 branch of the dungeon, and saw 1 of its levels.

You collected 18 gold pieces.

Inventory:

Missiles
 e - 2 throwing nets
Scrolls
 b - 2 scrolls of teleportation {unknown}
 c - a scroll of identify {unknown}
 d - a scroll of enchant weapon {unknown}
Potions
 f - a potion of haste {unknown}


   Skills:
 + Level 2.0 Dodging
 - Level 2.6 Stealth
 + Level 2.0 Spellcasting
 * Level 4.1 Conjurations


You had 3 spell levels left.
You knew the following spells:

 Your Spells              Type           Power      Damage    Failure   Level
a - Magic Dart            Conj           72%        1d6       3%          1

Your spell library contained the following spells:

 Spells                   Type           Power      Damage    Failure   Level
 Searing Ray              Conj           36%        2d5       4%          2
 Sublimation of Blood     Necr           2%         N/A       24%         2
 Fulminant Prism          Conj/Alch      5%         3d7       56%         4
 Iskenderun's Mystic Bla  Conj/Tloc      10%        2d4       56%         4
 Petrify                  Alch/Erth      2%         N/A       83%         4
 Irradiate                Conj/Alch      5%         3d13      88%         5


Dungeon Overview and Level Annotations

Branches:
Dungeon (1/15)

Altars:


Innate Abilities, Weirdness & Mutations

You cannot wear most types of armour.
You are amphibious.
You can wear up to eight rings at the same time.
Your skin changes colour to match your surroundings (Stealth+).
Your rubbery body absorbs attacks. (AC +1, EV +1)
((You are camouflaged when in or above water. (Stealth+)))
You have tentacles for arms and can constrict up to eight enemies at once.


Message History

Press: ? - help, Q - select action, (/) - cycle Shift-Dir - straight line, f/p - ball python
Aim: a ball python (100% to hit)
You miscast Magic Dart.
You are very lightly contaminated with residual magic.
Nothing appears to happen.
The ball python misses you. The ball python grabs you.
The ball python constricts you.
Aiming: Magic Dart (safe; 3% risk of failure)
Press: ? - help, Q - select action, (/) - cycle Shift-Dir - straight line, f/p - ball python
Aim: a ball python (constricting you, 100% to hit)
The magic dart hits the ball python.
The ball python is moderately wounded.
The ball python bites you. The ball python constricts you.
You don't have enough magic to cast this spell.
Unknown command.
You tentacle-slap the ball python but do no damage.
You grab the ball python. You constrict the ball python.
The ball python bites you. The ball python constricts you.
You tentacle-slap the ball python.
The ball python is heavily wounded.
You constrict the ball python.
The ball python bites you but does no damage.
The ball python constricts you.
You tentacle-slap the ball python but do no damage.
You squeeze the ball python.
You kill the ball python!
A giant cockroach comes into view.
Magic courses through your body. The ball python barely misses you.
The ball python grabs you. The ball python constricts you.
The ball python bites you.
* * * LOW HITPOINT WARNING * * *
The ball python constricts you.
* * * LOW HITPOINT WARNING * * *
Aiming: Magic Dart (safe; 3% risk of failure)
Press: ? - help, Q - select action, (/) - cycle Shift-Dir - straight line, f - ball python
Aim: a ball python (constricting you, 100% to hit)
The magic dart hits the ball python.
The ball python is moderately wounded.
The ball python bites you.
You die...

.# ### . .. ##.##
#.#.# ##...## )##.#.##
#.....# ......##
##...## ##.....##
##.## . #
#.......####.###....
#.#...........@.......
#.#....†..####S###.###
#........## ...
###.#...## .....
#..#### ......B
##...####[........
##.......+..........
#.......##.........##
#.#..##.#


You could see a giant cockroach and a ball python.

Vanquished Creatures
  A ball python (D:1)
  A bat (D:1)
  A rat (D:1)
3 creatures vanquished.

Notes
Turn   | Place    | Note
-------+----------+-------------------------------------------
     0 | D:1      | PriceMaster the Octopode Conjurer began the quest for the
                  | Orb.
     0 | D:1      | Reached XP level 1. HP: 11/11 MP: 3/3
   517 | D:1      | Slain by a ball python

Illustrated notes

Levels and vault maps discovered:
D:1:      ncdulo_lavacross, layout_loops_corners

Action                     || total
---------------------------++-------
  Melee: Unarmed           ||     3
         Constrict         ||     1
         Tentacles         ||     1
   Cast: Magic Dart        ||     5
    Use: Potion            ||     1
 Armour: Skin              ||     5
  Dodge: Dodged            ||     2

Table legend: (Time is in decaauts)
 A = Elapsed time spent in this place.
 B = Non-inter-level travel time spent in this place.
 C = Inter-level travel time spent in this place.
 D = Time resting spent in this place.
 E = Time spent auto-exploring this place.
 F = Levels seen in this place.
 G = Mean time per level.
                   A        B        C        D        E       F      G
               +--------+--------+--------+--------+--------+-----+--------+
         Total |    517 |    517 |      0 |      0 |    496 |   1 |  517.0 |
       Dungeon |    517 |    517 |      0 |      0 |    496 |   1 |  517.0 |
               +--------+--------+--------+--------+--------+-----+--------+

Top non-repeatable levels by time:
     D:1: 517 daAuts
